 Dungeon Crawl Stone Soup version 0.25.1-2-g60ff931df9 (webtiles) character file.

Game seed: 10510574024107429401

15011 DearestLeader the Cleaver (level 11, -5/77 HPs)
             Began as a Demonspawn Abyssal Knight on Sept 26, 2020.
             Was a High Priest of Lugonu.
             Slain by a spiny frog (17 damage)
             ... on level 4 of the Lair of Beasts.
             The game lasted 00:35:54 (16129 turns).

DearestLeader the Cleaver (DsAK)                   Turns: 16129, Time: 00:35:55

Health: -5/77      AC: 19    Str: 15    XL:     11   Next: 96%
Magic:  19/19      EV: 10    Int: 14    God:    Lugonu [*****.]
Gold:   629        SH:  4    Dex: 13    Spells: 10/10 levels left

rFire    . . .     SeeInvis .   H - +4 battleaxe (venom)
rCold    . . .     Gourm    .   (shield currently unavailable)
rNeg     . . .     Faith    .   B - +0 plate armour
rPois    .         Spirit   .   b - +0 helmet
rElec    .         Reflect  .   K - +0 cloak (curse)
rCorr    .         Harm     .   s - +0 pair of gloves
MR       .....                  d - +0 pair of boots
Stlth    ..........             J - amulet of regeneration
HPRegen  0.62/turn              x - +4 ring of evasion
MPRegen  0.16/turn              (no ring)

@: no status effects
A: hooves 2, large bone plates 1, demonic guardian 2
a: Depart the Abyss, Bend Space, Banish, Corrupt, Enter the Abyss, Renounce
Religion


You were on level 4 of the Lair of Beasts.
You worshipped Lugonu.
Lugonu was extremely pleased with you.
You were hungry.

You visited 2 branches of the dungeon, and saw 14 of its levels.
You visited the Abyss 1 time.

You collected 849 gold pieces.
You spent 220 gold pieces at shops.

Inventory:

Hand Weapons
 t - a +2 dire flail of protection
 H - a +4 battleaxe of venom (weapon)
 P - the +2 war axe of Recklessness {freeze, rElec Str+4 Dex-5}
   (You found it on level 9 of the Dungeon)

   It has been specially enchanted to freeze those struck by it, causing extra
   injury to most foes and up to half again as much damage against particularly
   susceptible opponents.
   It can also slow down cold-blooded creatures.
   It affects your strength (+4).
   It affects your dexterity (-5).
   It insulates you from electricity.
Missiles
 r - 37 poisoned darts (quivered)
Armour
 b - a +0 helmet (worn)
 d - a +0 pair of boots (worn)
 o - a +0 scale mail
 s - a +0 pair of gloves (worn)
 u - a +0 chain mail
 B - a +0 plate armour (worn)
 K - a cursed +0 cloak (worn)
Jewellery
 h - an uncursed ring of ice
 x - a +4 ring of evasion (left hand)
 J - an amulet of regeneration (around neck)
 L - an uncursed amulet of reflection
 U - an uncursed amulet of the acrobat {unknown}
Wands
 f - a wand of flame (41)
 i - a wand of disintegration (5)
 y - a wand of enslavement (19)
 A - a wand of iceblast (2)
 I - a wand of random effects (80)
 Q - a wand of paralysis (8)
Scrolls
 a - a scroll of amnesia {unknown}
 g - 5 scrolls of remove curse
 j - 4 scrolls of immolation
 k - 3 scrolls of fear
 l - 9 scrolls of teleportation
 D - 3 scrolls of enchant armour
 E - 4 scrolls of fog
 F - 4 scrolls of magic mapping
 M - 2 scrolls of blinking {unknown}
 O - 2 scrolls of silence {unknown}
 S - a scroll of holy word {unknown}
 T - a scroll of identify
Potions
 e - a potion of stabbing
 n - a potion of brilliance
 p - 3 potions of ambrosia
 q - a potion of cancellation {unknown}
 v - 11 potions of curing
 w - a potion of resistance
 z - 4 potions of heal wounds
 C - a potion of magic {unknown}
 G - a potion of lignification
 N - a potion of might {unknown}
 R - 2 potions of flight {unknown}
 V - a potion of haste {unknown}
Miscellaneous
 m - a phantom mirror
Comestibles
 c - 25 rations


   Skills:
 + Level 4.2 Fighting
 * Level 12.8 Axes
 + Level 8.6 Armour
 + Level 3.9 Dodging
 - Level 0.3 Stealth
 - Level 11.2 Invocations


You had 10 spell levels left.
You didn't know any spells.
Your spell library contained the following spells:

 Spells                   Type           Power        Failure   Level  Hunger
 Infusion                 Chrm           #...         100%        1    ##.....
 Shroud of Golubria       Chrm/Tloc      #.....       100%        2    ###....
 Song of Slaying          Chrm           #.......     100%        2    ###....
 Ozocubu's Armour         Chrm/Ice       #.......     100%        3    ####...
 Spectral Weapon          Hex/Chrm       #.......     100%        3    ####...


Dungeon Overview and Level Annotations

Branches:
Dungeon (10/15)            Temple (0/1) D:5            Lair (4/6) D:10
 Shoals (0/4) Lair:3        Snake (0/4) Lair:2          Orc (0/2) D:9

Altars:
Ashenzari
Cheibriados
Dithmenos
Elyvilon
Fedhas
Hepliaklqana
Nemelex Xobeh
Okawaru
Qazlal
Ru
Xom
Yredelemnul
Zin
The Shining One

Shops:
D:9 !

Annotations:
D:4 Eustachio
D:5 Crazy Yiuf
D:8 4 runed translucent doors
D:9 2 transporters, Sondor's ghost, novice DsGl


Innate Abilities, Weirdness & Mutations

You have hoof-like feet.
You are partially covered in large bone plates. (SH +4)
A demonic guardian rushes to your aid.


Message History

A lindwurm comes into view.
The lindwurm roars!
The spiny frog barely misses you.
Your orange demon closely misses the spiny frog.
You closely miss the spiny frog. You hit the plant.
You block the spiny frog's attack. The lindwurm breathes flames at you.
The blast of flame hits you!!!
Ouch! That really hurt!
You block the spiny frog's attack.
Your orange demon closely misses the spiny frog.
Your orange demon closely misses the spiny frog.
The spiny frog barely misses you. The lindwurm breathes flames at you.
The blast of flame hits the plant!!
The blast of flame hits you!!
* * * LOW HITPOINT WARNING * * *
The lindwurm bites your orange demon! The lindwurm claws your orange demon.
The lindwurm completely misses your orange demon.
The spiny frog stings you!
You die...

### #....# .P# ##....##
.####......# .#....... ##
#.......## #........
.###........# .........
###.........# #........
.#.......(..########........
#........#....#..##.........
.^..........##..@FP.........
...........#####....4k......
........#P.# ##.....P.......
.......##### #..###.P.#....#
......## #.P# #P#..#P###
##..### #.P# ###.## # #####
#### ##


You could see a lindwurm, a spiny frog and a friendly orange demon (summoned).

Vanquished Creatures
  A hydra (Lair:1)
  Nergalle (Lair:1)
  An unseen horror (D:10)
  A manticore (Lair:3)
  A black mamba (Lair:2)
  3 spiny frogs
  2 komodo dragons
  Grinder (D:6)
  9 hippogriffs
  A wyvern (Lair:3)
  8 yaks
  Menkaure (D:6)
  A naga (Lair:2)
  Edmund (D:4)
  7 porcupines
  Duvessa (D:5)
  7 water moccasins
  A black bear (D:10)
  5 orc warriors
  2 sky beasts
  A phantom (D:6)
  A necrophage (D:7)
  An ogre (D:6)
  3 centaurs
  10 crocodiles
  5 bullfrogs
  Dowan (D:5)
  4 scorpions
  4 killer bees (D:9)
  4 wights (D:10)
  A centaur zombie (D:7)
  A quasit (D:7)
  A crimson imp (D:10)
  2 jellies
  A hound (D:8)
  3 orc priests
  5 orc wizards
  2 bullfrog skeletons (D:8)
  5 iguanas
  6 worker ants
  2 worker ant zombies
  A howler monkey skeleton (D:7)
  11 adders
  A shadow imp (D:10)
  2 oozes
  An adder zombie (D:9)
  An adder skeleton (D:5)
  4 worms
  3 dart slugs
  9 leopard geckos
  19 orcs
  2 ball pythons
  9 bats
  3 giant cockroaches
  9 goblins
  8 hobgoblins
  10 jackals
  5 kobolds
  2 quokkas
  3 frilled lizards
  A leopard gecko skeleton (D:6)
  A quokka skeleton (D:4)
  11 rats
  A fungus (Lair:3)
  7 plants
  2 withered plants (D:10)
244 creatures vanquished.

Vanquished Creatures (collateral kills)
  A catoblepas (Lair:2)
  4 elephants (Lair:3)
  2 black mambas
  Maggie (Lair:1)
  A basilisk (Lair:4)
  3 yaks
  A hungry ghost (D:9)
  A porcupine (Lair:2)
  A sky beast (D:7)
  A black bear (D:8)
  A phantom (D:6)
  A necrophage (D:9)
  An ogre (D:9)
  4 centaurs
  3 bullfrogs
  A wyvern skeleton (D:3)
  A howler monkey (D:5)
  2 crimson imps
  A quasit (D:8)
  An orc priest (D:9)
  An adder (D:10)
  A leopard gecko (D:6)
  4 orcs
38 creatures vanquished.

Vanquished Creatures (others)
  A two-headed ogre (D:8)
  49 fungi (D:10)
  15 plants (D:10)
65 creatures vanquished.

Grand Total: 347 creatures vanquished

Notes
Turn   | Place    | Note
-------+----------+-------------------------------------------
     0 | Abyss:1  | DearestLeader the Demonspawn Abyssal Knight began the quest
                  | for the Orb.
     0 | Abyss:1  | Reached XP level 1. HP: 18/18 MP: 2/2
    44 | Abyss:1  | Noticed a cacodemon
    45 | D:1      | Escaped the Abyss
   102 | D:1      | Reached skill level 2 in Axes
   259 | D:1      | Gained mutation: You have large cloven feet. [demonic
                  | ancestry]
   259 | D:1      | Reached XP level 2. HP: 23/24 MP: 4/4
   270 | D:1      | Reached * piety under Lugonu
   697 | D:1      | Reached skill level 3 in Axes
   823 | D:1      | Reached XP level 3. HP: 26/29 MP: 5/5
  1687 | D:2      | Noticed a scorpion
  1704 | D:2      | Killed a scorpion
  1704 | D:2      | Reached skill level 4 in Axes
  1704 | D:2      | Gained mutation: A weak demonic guardian rushes to your
                  | aid. [demonic ancestry]
  1704 | D:2      | Reached XP level 4. HP: 22/35 MP: 6/6
  2804 | D:2      | Reached XP level 5. HP: 30/41 MP: 7/7
  3546 | D:3      | Reached ** piety under Lugonu
  3605 | D:3      | Found a glowing silver altar of Zin.
  3621 | D:3      | Reached skill level 5 in Axes
  3860 | D:3      | Found a shadowy altar of Dithmenos.
  4061 | D:3      | Found a blossoming altar of Fedhas.
  4144 | D:4      | Noticed Eustachio
  4190 | D:4      | Found a shattered altar of Ashenzari.
  4849 | D:4      | Gained mutation: You have hoof-like feet. [demonic
                  | ancestry]
  4849 | D:4      | Reached XP level 6. HP: 47/47 MP: 8/8
  5206 | D:5      | Entered Level 5 of the Dungeon
  5353 | D:5      | Noticed Edmund
  5459 | D:4      | Killed Edmund
  5564 | D:5      | Reached skill level 6 in Axes
  5752 | D:5      | Noticed Duvessa
  5753 | D:5      | Found a staircase to the Ecumenical Temple.
  5753 | D:5      | Noticed Dowan
  5795 | D:5      | Killed Duvessa
  5795 | D:5      | Reached XP level 7. HP: 29/52 MP: 10/10
  5806 | D:5      | Killed Dowan
  5806 | D:5      | Reached skill level 5 in Invocations
  6424 | D:5      | Found a runed translucent door.
  6425 | D:5      | Noticed Crazy Yiuf
  6620 | D:5      | Found a sparkling altar of Nemelex Xobeh.
  7046 | D:6      | Found an iron altar of Okawaru.
  7072 | D:6      | Noticed Grinder
  7117 | D:7      | Noticed a hippogriff
  7130 | D:7      | Killed a hippogriff
  7283 | D:7      | Reached skill level 7 in Axes
  7362 | D:7      | Reached XP level 8. HP: 50/58 MP: 12/12
  7474 | D:7      | Reached *** piety under Lugonu
  8134 | D:7      | Found a glowing silver altar of Zin.
  8297 | D:7      | Noticed a hippogriff
  8310 | D:7      | Killed a hippogriff
  8310 | D:7      | Reached skill level 8 in Axes
  8993 | D:6      | Noticed Menkaure
  9010 | D:6      | Killed Menkaure
  9074 | D:6      | Reached XP level 9. HP: 38/63 MP: 14/14
  9076 | D:6      | Killed Grinder
  9236 | D:6      | Found a snail-covered altar of Cheibriados.
  9773 | D:8      | Reached skill level 5 in Armour
  9788 | D:8      | Reached skill level 9 in Axes
  9895 | D:8      | Found a glowing golden altar of the Shining One.
  9919 | D:8      | Noticed a two-headed ogre
  9922 | D:8      | Banished a two-headed ogre
 10132 | D:8      | Found a huge runed translucent gate.
 10133 | D:8      | Found a huge runed translucent gate.
 10133 | D:8      | Noticed a polar bear
 10133 | D:8      | Noticed a polar bear
 10134 | D:8      | Found a huge runed translucent gate.
 10149 | D:8      | Found a huge runed translucent gate.
 10149 | D:8      | Noticed a polar bear
 10149 | D:8      | Noticed a polar bear
 10217 | D:8      | Found a shimmering altar of Xom.
 10218 | D:8      | Found a hazy altar of Hepliaklqana.
 10219 | D:8      | Noticed a spectral ugly thing
 10386 | D:8      | Found a stormy altar of Qazlal.
 10463 | D:9      | Noticed Sondor's ghost (novice DsGl)
 10665 | D:9      | Found a staircase to the Orcish Mines.
 10779 | D:9      | Found a white marble altar of Elyvilon.
 10782 | D:9      | Reached skill level 10 in Axes
 10784 | D:9      | Got a masterwork war axe
 10784 | D:9      | Identified the +2 war axe of Recklessness {freeze, rElec
                  | Str+4 Dex-5} (You found it on level 9 of the Dungeon)
 10813 | D:9      | Found a basalt altar of Yredelemnul.
 10894 | D:9      | Reached **** piety under Lugonu
 10939 | D:9      | Found a transporter.
 11014 | D:9      | Found a transporter.
 11019 | D:9      | Gained mutation: You are partially covered in large bone
                  | plates. (SH +4) [demonic ancestry]
 11019 | D:9      | Reached XP level 10. HP: 53/69 MP: 17/17
 11056 | D:9      | Found Wezot's Distillery.
 11064 | D:9      | Bought a potion of heal wounds for 55 gold pieces
 11064 | D:9      | Bought a potion of heal wounds for 55 gold pieces
 11064 | D:9      | Bought a potion of heal wounds for 55 gold pieces
 11064 | D:9      | Bought a potion of heal wounds for 55 gold pieces
 11488 | D:10     | Entered Level 10 of the Dungeon
 11956 | D:10     | Killed an unseen horror
 11956 | D:10     | Reached skill level 10 in Invocations
 12006 | D:10     | Found a staircase to the Lair.
 12027 | D:10     | Reached skill level 11 in Axes
 12418 | Lair:1   | Entered Level 1 of the Lair of Beasts
 12466 | Lair:1   | Noticed a spiny frog
 12479 | Lair:1   | Killed a spiny frog
 12589 | Lair:1   | Noticed Nergalle
 12602 | Lair:1   | Noticed a spectral orc warlord
 12603 | Lair:1   | Killed Nergalle
 12830 | Lair:1   | Gained mutation: A demonic guardian rushes to your aid.
                  | [demonic ancestry]
 12830 | Lair:1   | Reached XP level 11. HP: 58/75 MP: 19/19
 12892 | Lair:1   | Noticed a five-headed hydra
 12905 | Lair:1   | Killed a five-headed hydra
 13165 | Lair:1   | Reached skill level 1 in Dodging
 13183 | Lair:1   | Found a sacrificial altar of Ru.
 13319 | Lair:1   | Noticed Maggie
 13319 | Lair:1   | Paralysed by Maggie for 2 turns
 13327 | Lair:1   | Killed Maggie
 13547 | Lair:1   | Reached ***** piety under Lugonu
 13564 | Lair:2   | Reached skill level 12 in Axes
 13833 | Lair:2   | Found a staircase to the Snake Pit.
 13883 | Lair:2   | You fall into a shaft and drop 1 floor!
 14824 | Lair:2   | Noticed a catoblepas
 14828 | Lair:2   | Killed a catoblepas
 15304 | Lair:3   | Found a staircase to the Shoals.
 16122 | Lair:4   | Noticed a lindwurm
 16129 | Lair:4   | Slain by a spiny frog

Illustrated notes

Levels and vault maps discovered:
D:1:      dpeg_arrival_arbitrary_b, layout_basic
D:2:      layout_basic, first_ration, skrybe_limestone_x
D:3:      layout_rooms, lemuel_crystal_altar, fedhas_altar_1,
          lemuel_coloured_pillars_altar
D:4:      layout_rooms, nicolae_overflow_crystal_walls, uniq_eustachio
D:5:      layout_loops_ring, nicolae_overflow_hidden_temple,
          minmay_temple_entry_crystal_x, uniq_crazy_yiuf_cottage, uniq_edmund,
          uniq_duvessa
D:6:      layout_cave_pools, overflow_temple_1_default, okawaru_trees_2,
          uniq_grinder, uniq_menkaure
D:7:      layout_cave_pods, basic_altar
D:8:      lemuel_bear_cage, layout_cave_pools, regret_index_temple_of_mockery,
          lemuel_round_altar, nicolae_qazlal_style_of_elements
D:9:      layout_stronghold, elyvilon_altar_5, yredelemnul_altar_generic,
          orc_0_dummy, gammafunk_ghost_stat_death, serial_shops, shop
D:10:     layout_loops_ring, due_lair_maze_entry_diamond, serial_undead,
          serial_undead_f, serial_undead_e, serial_undead_b, serial_undead_e,
          serial_undead_c
Lair:1:   layout_regular_city, basic_altar, st_stairs_6, uniq_maggie,
          uniq_nergalle
Lair:2:   layout_cave_pods, guppyfry_snake_entry_garden,
          chequers_serial_rivers_small_b, st_stairs_3, hibernation_bobbens,
          grunt_megastairs_4, lemuel_fruit_tree, serial_bayou_shore_b
Lair:3:   layout_roguey, minmay_shoals_entry_beasts, minivault_26, wad_woods_03
Lair:4:   layout_cave_pods, minivault_25, chequers_serial_rivers_small_3,
          lemuel_fruit_fields, infiniplex_staircase_pool

Skill      XL: |  1  2  3  4  5  6  7  8  9 10 11 |
---------------+----------------------------------+-----
Axes           | 2 3 4 5 6 7 8 10 11 12 | 12.8
Invocations    | 3 4 6 7 9 11 | 11.2
Armour         | 2 3 4 6 7 8 |  8.6
Dodging        | 3 |  3.9
Fighting       | 4 |  4.2
Stealth        | |  0.3

Action                   |  1- 3 |  4- 6 |  7- 9 | 10-12 || total
-------------------------+-------+-------+-------+-------++-------
Melee: Hand axe          |    98 |   104 |       |       ||   202
       Kick              |    19 |     3 |       |       ||    22
       War axe           |       |   130 |   206 |       ||   336
       Battleaxe         |       |       |   191 |   366 ||   557
Throw: Dart              |       |       |     4 |       ||     4
Invok: Depart the Abyss  |     1 |       |       |       ||     1
       Banish            |       |       |     1 |       ||     1
Evoke: Wand              |     1 |     5 |       |     8 ||    14
  Use: Potion            |     1 |       |     2 |     3 ||     6
       Scroll            |       |     3 |     7 |     8 ||    18
 Stab: Distracted        |       |     3 |     8 |     1 ||    12
  Eat: Ration            |     1 |     1 |     2 |     1 ||     5
       Chunk             |       |     9 |    10 |    14 ||    33
Armor: Leather armour    |    53 |    13 |       |       ||    66
       Ring mail         |       |    43 |       |       ||    43
       Scale mail        |       |    27 |       |       ||    27
       Chain mail        |       |    13 |   110 |       ||   123
       Plate armour      |       |       |   187 |   238 ||   425
Dodge: Dodged            |    90 |   143 |   202 |   136 ||   571
Block: Other             |       |       |       |    65 ||    65
